 Dungeon Crawl Stone Soup version 0.27-a0-1232-gc6a4cbde82 (webtiles) character file.

Game seed: 18047245591098493428

4 Shayle the Vexing (level 1, 0/13 HPs)
             Began as a Demonspawn Enchanter on June 8, 2021.
             Frozen to death by an endoplasm (4 damage)
             ... on level 1 of the Dungeon.
             The game lasted 00:00:51 (522 turns).

Shayle the Vexing (Demonspawn Enchanter)             Turns: 522, Time: 00:00:52

Health: 0/13       AC:  2    Str:  8    XL:     1   Next: 50%
Magic:  3/3        EV: 12    Int: 16    God:
Gold:   8          SH:  0    Dex: 13    Spells: 3/4 levels left

rFire    . . .     SeeInvis .   a - +1 dagger
rCold    . . .     Faith    .   (no shield)
rNeg     . . .     Spirit   .   b - +0 robe
rPois    .         Reflect  .   (no helmet)
rElec    .         Harm     .   (no cloak)
rCorr    .         Rampage  .   (no gloves)
Will     .....                  (no boots)
Stlth    ++........             (no amulet)
HPRegen  0.04/turn              (no ring)
MPRegen  0.08/turn              (no ring)

@: no status effects
A: no striking features
a: no special abilities


You were on level 1 of the Dungeon.
You visited 1 branch of the dungeon, and saw 1 of its levels.

You collected 8 gold pieces.

Inventory:

Hand Weapons
 a - a +1 dagger (weapon)
Armour
 b - a +0 robe (worn)
Potions
 c - a potion of resistance {unknown}


   Skills:
 + Level 0.3 Fighting
 - Level 0.8 Short Blades
 + Level 1.8 Dodging
 * Level 2.8 Stealth
 - Level 2.0 Spellcasting
 - Level 3.0 Hexes


You had 3 spell levels left.
You knew the following spells:

 Your Spells              Type           Power      Damage    Failure   Level
a - Corona                Hex            12%        N/A       6%          1

Your spell library contained the following spells:

 Spells                   Type           Power      Damage    Failure   Level
 Ensorcelled Hibernation  Hex/Ice        12%        N/A       17%         2
 Confusing Touch          Hex            11%        N/A       19%         3
 Tukima's Dance           Hex            11%        N/A       19%         3
 Magic Dart               Conj           4%         1d3       21%         1
 Searing Ray              Conj           2%         3d3       30%         2
 Dazzling Flash           Conj/Hex       12%        N/A       32%         3
 Fulminant Prism          Conj/Hex       3%         3d6       73%         4
 Iskenderun's Mystic Bla  Conj/Tloc      1%         2d3       90%         4


Dungeon Overview and Level Annotations

Branches:
Dungeon (1/15)

Altars:


Message History

The bat hits you.
You hit the bat but do no damage. The bat hits you but does no damage.
The bat barely misses you. The bat closely misses you. x2
The bat closely misses you.
You completely miss the bat. The bat barely misses you. The bat hits you.
The bat closely misses you. x2
You hit the bat but do no damage. The bat closely misses you. The bat hits you.
The bat closely misses you. The bat hits you but does no damage.
The bat misses you. The bat hits you.
You hit the bat but do no damage. The bat hits you but does no damage.
The bat hits you.
You closely miss the bat. The bat closely misses you.
The bat closely misses you.
You closely miss the bat. The bat barely misses you.
You hit the bat but do no damage. The bat hits you but does no damage.
You closely miss the bat. The bat hits you but does no damage.
You closely miss the bat. The bat hits you but does no damage.
The bat barely misses you.
You barely miss the bat. The bat barely misses you.
You hit the bat.
You kill the bat!
An endoplasm comes into view.
The endoplasm quivers.
You completely miss the endoplasm. The endoplasm freezes you.
You are frozen.
You hit the endoplasm.
The endoplasm is lightly wounded.
The endoplasm freezes you.
You are frozen.
You hit the endoplasm.
The endoplasm is severely wounded.
The endoplasm freezes you.
You are frozen.
You die...

#######.# #.#.#
........###.#.#########
##'#..#...............#
##.##†#.###.#....####.
.<>.+.#..##..###.#
##.##......#..##.#
##+#..≈≈≈≈....##.#
.....≈≈≈≈≈≈...##.#
.....≈≈≈≈≈≈....#@#
.....≈≈≈≈≈≈...##J#
.##...≈≈≈≈.......#
####.........##### .
........... .
#..######. .##


You could see an endoplasm.

Vanquished Creatures
  An endoplasm (D:1)
  2 bats (D:1)
  A rat (D:1)
4 creatures vanquished.

Notes
Turn   | Place    | Note
-------+----------+-------------------------------------------
     0 | D:1      | Shayle the Demonspawn Enchanter began the quest for the
                  | Orb.
     0 | D:1      | Reached XP level 1. HP: 13/13 MP: 3/3
   522 | D:1      | Frozen to death by an endoplasm

Illustrated notes

Levels and vault maps discovered:
D:1:      dpeg_arrival_pits, layout_basic, minmay_tripent

Action                   || total
-------------------------++-------
Melee: Dagger            ||    26
Armor: Robe              ||     9
Dodge: Dodged            ||    30

Table legend: (Time is in decaauts)
 A = Elapsed time spent in this place.
 B = Non-inter-level travel time spent in this place.
 C = Inter-level travel time spent in this place.
 D = Time resting spent in this place.
 E = Time spent auto-exploring this place.
 F = Levels seen in this place.
 G = Mean time per level.
                   A        B        C        D        E       F      G
               +--------+--------+--------+--------+--------+-----+--------+
         Total |    520 |    520 |      0 |    233 |    210 |   1 |  520.0 |
       Dungeon |    520 |    520 |      0 |    233 |    210 |   1 |  520.0 |
               +--------+--------+--------+--------+--------+-----+--------+

Top non-repeatable levels by time:
     D:1: 520 daAuts
